 Dungeon Crawl Stone Soup version 0.22-a0-379-ga9d99d6 (webtiles) character file.

737 Falco the Geomancer (level 7, -11/58 HPs)
             Began as a Deep Dwarf Earth Elementalist on Apr 28, 2018.
             Was an Initiate of Makhleb.
             Mangled by an orc warrior
             ... wielding a +0 flail
              (14 damage)
             ... on level 6 of the Dungeon.
             The game lasted 00:29:45 (3751 turns).

Falco the Geomancer (Deep Dwarf Earth Elementalist) Turns: 3751, Time: 00:29:45

Health: -11/58     AC:  4    Str: 13    XL:     7   Next: 46%
Magic:  2/13       EV: 13    Int: 16    God:    Makhleb [......]
Gold:   191        SH:  0    Dex: 13    Spells: 5/15 levels left

rFire    + . .     SeeInvis .   e - +2 club
rCold    + . .     Gourm    .   (no shield)
rNeg     . . .     Faith    .   c - +1 robe
rPois    .         Spirit   .   (no helmet)
rElec    .         Reflect  .   g - scarf {rC+ rF+}
rCorr    .         Harm     .   k - +0 pair of gloves
MR       +....                  (no boots)
Stlth    ++........             (no amulet)
HPRegen  0.00/turn              (no ring)
MPRegen  0.13/turn              (no ring)

@: non-regenerating
A: damage resistance, heal wounds, sense surroundings 1, no regeneration
a: Heal Wounds, Renounce Religion


You were on level 6 of the Dungeon.
You worshipped Makhleb.
Makhleb was noncommittal.
You were not hungry.

You visited 2 branches of the dungeon, and saw 7 of its levels.

You collected 191 gold pieces.

Inventory:

Hand Weapons
 e - a +2 club (weapon)
 m - a +0 battleaxe of electrocution
 p - a +2 dagger of protection
Missiles
 a - 24 poisoned needles
 b - 18 stones (quivered)
 f - 61 bolts
Armour
 c - a +1 robe (worn)
 g - a scarf of resistance (worn)
 k - a +0 pair of gloves (worn)
Jewellery
 q - a cursed ring of loudness {unknown}
Scrolls
 h - a scroll of remove curse
 i - a scroll of teleportation
 l - a scroll of immolation
 o - a scroll of silence {unknown}
 r - a scroll of random uselessness {unknown}
Potions
 j - a potion of agility
 n - a potion of lignification
 s - a potion of haste {unknown}
Comestibles
 d - 9 rations


   Skills:
 + Level 1.8 Fighting
 + Level 0.3 Maces & Flails
 + Level 2.9 Dodging
 + Level 2.9 Stealth
 + Level 4.7 Spellcasting
 + Level 0.8 Transmutations
 + Level 8.1 Earth Magic


You had 5 spell levels left.
You knew the following spells:

 Your Spells              Type           Power        Failure   Level  Hunger
a - Sandblast             Erth           ####..       1%          1    None
b - Passwall              Tmut/Erth      ###.......   3%          2    ##.....
c - Stone Arrow           Conj/Erth      ###...       9%          3    ###....
d - Petrify               Tmut/Erth      ###.....     24%         4    ####...


Dungeon Overview and Level Annotations

Branches:
Dungeon (6/15)             Temple (1/1) D:5

Altars:
Ashenzari
Cheibriados
Dithmenos
Fedhas
Gozag
Hepliaklqana
Kikubaaqudgha
Makhleb
Nemelex Xobeh
Qazlal
Ru
Sif Muna
Uskayaw
Vehumet
Xom
Yredelemnul
Zin
The Shining One


Innate Abilities, Weirdness & Mutations

You are resistant to damage.
You can heal yourself by infusing magical energy.
You passively map a small area around you.
You do not regenerate.


Message History

* * * LOW HITPOINT WARNING * * *
The orc warrior barely misses you.
You can't go up here!
Something hits you.
* * * LOW HITPOINT WARNING * * *
Something shocks you.
* * * LOW HITPOINT WARNING * * *
The orc warrior barely misses you. The orc warrior closely misses you.
You climb downwards.
A centaur skeleton comes into view.
There is a stone staircase leading up, spattered with blood here.
You hit something. Something hits you.
* * * LOW HITPOINT WARNING * * *
Something shocks you.
* * * LOW HITPOINT WARNING * * *
The orc warrior barely misses you.
A sky beast appears from thin air!
Reactivating autopickup.
The sky beast hits you but does no damage.
The orc warrior hits you with a flail!
You die...

+#...#.* , * * , ,
.#.#...###########
s..s..#,
...####..........# h.....#
* ,
......+..........#*......#
, #.#####..........#
O.....# *
......'....).....#*..Z..
#######..........# ../,,,
#........Yo##†###* ,
#.........@oZ...# ,
################# , , , ,
*,


You could see 2 orc warriors, a sky beast and a centaur skeleton.

Vanquished Creatures
  2 ogres
  A centaur (D:5)
  A bullfrog (D:6)
  A scorpion (D:6)
  An orc priest (D:5)
  A bullfrog skeleton (D:6)
  4 orc wizards (D:5)
  Jessica (D:2)
  Terence (D:2)
  Robin (D:2)
  An adder (D:2)
  2 oozes (D:1)
  3 worms (D:2)
  A dart slug (D:2)
  4 leopard geckos
  12 orcs
  9 bats
  3 giant cockroaches
  15 goblins
  13 hobgoblins
  6 jackals
  13 kobolds
  2 quokkas
  6 frilled lizards
  6 rats
110 creatures vanquished.

Vanquished Creatures (others)
  4 toadstools (D:1)
4 creatures vanquished.

Grand Total: 114 creatures vanquished

Notes
Turn   | Place    | Note
-------+----------+-------------------------------------------
     0 | D:1      | Falco the Deep Dwarf Earth Elementalist began the quest for the Orb.
     0 | D:1      | Reached XP level 1. HP: 15/15 MP: 3/3
   117 | D:1      | Reached XP level 2. HP: 22/22 MP: 3/5
   163 | D:1      | Learned a level 2 spell: Passwall
   574 | D:1      | Reached XP level 3. HP: 22/28 MP: 1/6
   814 | D:1      | Reached skill level 5 in Earth Magic
  1380 | D:2      | Noticed Terence
  1395 | D:2      | Killed Terence
  1395 | D:2      | Reached XP level 4. HP: 15/36 MP: 0/7
  1812 | D:2      | Noticed Jessica
  1819 | D:2      | Noticed Robin
  1819 | D:2      | Killed Jessica
  1819 | D:2      | Reached XP level 5. HP: 14/43 MP: 0/9
  1820 | D:2      | Reached skill level 6 in Earth Magic
  2302 | D:2      | Killed Robin
  2651 | D:3      | Learned a level 3 spell: Stone Arrow
  2656 | D:3      | Learned a level 4 spell: Petrify
  2771 | D:5      | Entered Level 5 of the Dungeon
  2955 | D:5      | Reached XP level 6. HP: 27/50 MP: 2/11
  3031 | D:5      | Found a staircase to the Ecumenical Temple.
  3040 | Temple   | Entered the Ecumenical Temple
  3204 | Temple   | Became a worshipper of Makhleb the Destroyer
  3270 | D:5      | Reached skill level 7 in Earth Magic
  3279 | D:5      | Reached skill level 1 in Fighting
  3658 | D:5      | You fall through a shaft!
  3710 | D:6      | Reached XP level 7. HP: 12/58 MP: 9/13
  3735 | D:6      | Reached skill level 8 in Earth Magic
  3744 | D:5      | Noticed a rust devil
  3744 | D:5      | Noticed a rust devil
  3751 | D:6      | Mangled by an orc warrior

Vault maps used:
D:1:      ldierk_walled_garden_2, eino_curves_04
D:2:      uniq_terence, uniq_jessica, uniq_robin
D:3:      first_ration
D:4:      kennysheep_the_goblin_king, okawaru_metal_pillars_1_2
D:5:      cheibrodos_iron_armory, minmay_temple_entry_junction
Temple:   regret_index_temple_mists

Skill      XL: |  1  2  3  4  5  6  7 |
---------------+----------------------+-----
Spellcasting   | 2 3 4 |  4.7
Earth Magic    | 5 6 7 8 |  8.1
Fighting       | 1 |  1.8
Maces & Flails | |  0.3
Dodging        | |  2.9
Stealth        | |  2.9
Transmutations | |  0.8

Action                   |  1- 3 |  4- 6 |  7- 9 || total
-------------------------+-------+-------+-------++-------
Melee: Unarmed           |    16 |       |       ||    16
       Club              |     3 |    14 |     3 ||    20
       Mace              |     8 |     4 |       ||    12
Throw: Stone             |     1 |       |       ||     1
 Cast: Sandblast         |    59 |   100 |    14 ||   173
       Stone Arrow       |       |     1 |       ||     1
 Abil: Heal Wounds       |       |     2 |     1 ||     3
  Use: Scroll            |     8 |     7 |       ||    15
  Eat: Ration            |     1 |     2 |       ||     3
Armor: Robe              |    12 |     3 |     4 ||    19
Dodge: Dodged            |    32 |    34 |    11 ||    77

Table legend:
 A = Spawn XP
 B = Non-spawn XP
 C = Spawn XP percentage of total XP
 D = Spawn monster count
 E = Non-spawn monster count
 F = Spawn count percentage of total count
 G = Total turns spent on level
                    A         B        C        D         E        F      G
               +---------+---------+-------+---------+---------+-------+---------
         Total |       0 |    1053 |   0.0 |       0 |     110 |   0.0 |  3751
               +---------+---------+-------+---------+---------+-------+---------
           D:1 |       0 |      61 |   0.0 |       0 |      31 |   0.0 |  1203
           D:2 |       0 |     165 |   0.0 |       0 |      34 |   0.0 |   869
           D:3 |       0 |      41 |   0.0 |       0 |      21 |   0.0 |   630
           D:4 |       0 |       1 |   0.0 |       0 |       1 |   0.0 |    69
           D:5 |       0 |     452 |   0.0 |       0 |      16 |   0.0 |   707
           D:6 |       0 |     333 |   0.0 |       0 |       7 |   0.0 |    87
               +---------+---------+-------+---------+---------+-------+---------
